[Event "Late-Titled-Tuesday-Blitz-February-06-2024"]
[Site "Chess.com"]
[Date "2024.02.06"]
[Round "8"]
[White "valeriocarnicelli"]
[Black "ChessSwole"]
[Result "0-1"]
[WhiteElo "2537"]
[BlackElo "2672"]
[TimeControl "180+1"]
[EndTime "15:30:14 PST"]
[Termination "ChessSwole won by resignation"]

1. e4 e5 2. Nf3 Nc6 3. Bb5 a6 4. Ba4 Nf6 5. O-O Nxe4 6. d4 Be7 7. Re1 b5 8. Bb3 d5 9. dxe5 Be6 10. c3 O-O 11. Nbd2 Nc5 12. Bc2 d4 13. Ne4 dxc3 14.
bxc3 Qxd1 15. Rxd1 Rfd8 16. Be3 Nd7 17. Bf4 h6 18.
Nd4 Ndxe5 19. Nxe6 fxe6 20. Bb3 Kf7 21. Bg3 Rac8 22. Re1 Nd3 23. Re3 Na5 24. Bxe6+ Kxe6 25. Nd6+ Kd7 26. Nxc8 Rxc8 27. Rxd3+ Kc6 28. Re1 Bf6 29.
a4 Nc4 30. axb5+ axb5 31. h4 Ra8 32. h5 Ra3 33. Rc1 b4 34. cxb4 Rxd3 35. Rxc4+ Kb5 36. Rxc7 Kxb4 37. Kh2 Rd5 38. Kh3 Rxh5+ 39. Kg4 Rg5+ 40. Kf3 Kb5 41. Bf4 Rf5 42. g4 Rd5 43. Kg3 Kb6 44. Rc8 Rd7 45. f3 Kb7 46. Rb8+ Kc6 47. Rc8+ Kd5 48.
Re8 Rf7 49. Re4 Bd4 50. Bc1 g5 51. Bd2 Be5+ 52. Kg2 Rb7 53. Be3 Rb2+ 54. Bf2 Bf4 55. Re8 Bd6 56. Rd8 Ke6 57. Kg1 Rb3 58. Kg2 Be7 59.
Rh8 Rb2 60. Rxh6+ Kf7 61. Kg1 Bf6 62. Rh7+ Bg7 63. Rh5 Kg6 64. Kg2 Bd4 65. Rh2 Rxf2+ 66. Kg3 Rxh2 67. Kxh2 Be5+ 68. Kg2 Bf4 0-1

[Event "Late-Titled-Tuesday-Blitz-February-06-2024"]
[Site "Chess.com"]
[Date "2024.02.06"]
[Round "8"]
[White "karinachess1"]
[Black "temus_galaktionov"]
[Result "0-1"]
[WhiteElo "2680"]
[BlackElo "2875"]
[TimeControl "180+1"]
[EndTime "15:30:15 PST"]
[Termination "temus_galaktionov won by resignation"]

1. d4 c6 2. c4 d6 3. Nf3 g6 4. Nc3 Bg7 5. g3 Nd7 6. Bg2 Ngf6 7. O-O O-O 8. e4 e5 9. h3 a5 10. Be3 exd4 11. Nxd4 Re8 12. Qc2 Nc5 13. Rfe1 a4 14. Rad1 Qa5 15. a3 Bd7 16. Kh2 Rad8 17. f4 h5 18. Bf2 Bc8 19. Nf3 Re7 20. e5 Bf5 21.
Qe2 Nfe4 22. Nxe4 Nxe4 23. exd6 Re6 24. Ne5 Nxf2 25. Qxf2 Rexd6 26. Rxd6 Rxd6 27. g4 hxg4 28. hxg4 Be6 29. Re2 Rd1 30. Qg3 Rd2 31. Qf2 Rxe2 32. Qxe2 g5 33. Nd3 gxf4 34. Nxf4 Qe5 35. Qd2 Bxc4 36. Kg3 Bf6 37. Bf3 Qxb2 38. Qa5 Qe5 39. Qxa4 Ba6 40. Qb4 Bg5 41. Qd2 Bc4 42. Bg2 Be6 43. Bf3 Kf8 44. Qb4+ Kg7 45. Qe4 Qxe4 46.
Bxe4 Bd7 47. Nd3 Be7 48. a4 Bd6+ 49. Kf3 Kf6 50. Nb2 Be6 51. a5 Bd7 52. Nc4 Bb4 53. Nb6 Be6 54. a6 bxa6 55. Bxc6 Kg5 56. Bd7 Bb3 57. Ba4 Ba2 58. Nd7 Be6 59. Ne5 Bc3 60.
Nd3 Bxg4+ 61. Ke3 a5 62. Nc5 Bb4 63. Nd3 Be6 64. Nf4 Bc4 65. Ne2 f5 66. Nf4 Bc5+ 67.
Kf3 Bd6 68. Ne2 Bd5+ 69. Kf2 f4 70. Bc2 Bc5+ 71. Kf1 f3 72. Nc3 Bc4+ 73. Ke1 f2+ 74.
Kd2 f1=Q 75. Ne4+ Kf4 76. Nxc5 Qf2+ 77. Kc3 Qxc5 0-1

[Event "Late-Titled-Tuesday-Blitz-February-06-2024"]
[Site "Chess.com"]
[Date "2024.02.06"]
[Round "8"]
[White "Hrant_ChessMood"]
[Black "dedpihto_v_kozhanom_palto"]
[Result "1-0"]
[WhiteElo "2922"]
[BlackElo "2698"]
[TimeControl "180+1"]
[EndTime "15:30:15 PST"]
[Termination "Hrant_ChessMood won by resignation"]

1. c4 g6 2. e4 c5 3. Nf3 Nc6 4. d4 cxd4 5. Nxd4 Bg7 6. Be3 d6 7. Nc3 Nf6 8. f3 O-O 9. Be2 Bd7 10. O-O a5 11. b3 Nxd4 12. Bxd4 Bc6 13. Qd2 Nd7 14. Be3 Nc5 15. Rfc1 Qb6 16. Rab1 Rfc8 17. Rc2 h5 18. Kh1 Kh7 19. Bf1 Qd8 20. Ne2 Qh8 21.
Nf4 Ne6 22. Nxe6 fxe6 23. Bg5 Qf8 24. Re1 Bh6 25. e5 d5 26. c5 Bxg5 27. Qxg5 Qf7 28. Bd3 Kg7 29. a3 Rf8 30. h4 Rae8 31. b4 axb4 32. axb4 d4 33. Rc4 Rd8 34. Rc2 Be8 35. Kh2 Rd7 36. b5 Qf4+ 37. Qxf4 Rxf4 38. Kg3 Rf8 39.
Ra1 g5 40. hxg5 Bg6 41. Bxg6 Kxg6 42. Ra7 d3 43. Rd2 Rd5 44. Rxb7 Rxc5 45. f4 h4+ 46. Kf3 Rc4 47. Rxe7 Rfxf4+ 48. Ke3 Rce4+ 49. Kxd3 Rxe5 50. Rb2 Rg4 51. b6 Rg3+ 52. Kd4 Rd5+ 53. Ke4 Rg4+ 54. Kf3 Rg3+ 55. Kf2 Rf5+ 56. Kg1 h3 57. Rxe6+ Kxg5 58. b7 hxg2 59. Re1 Rf1+ 60. Rxf1 gxf1=Q+ 61. Kxf1 Rf3+ 62. Ke2 Rb3 63. Rxb3 1-0

[Event "Late-Titled-Tuesday-Blitz-February-06-2024"]
[Site "Chess.com"]
[Date "2024.02.06"]
[Round "8"]
[White "MikaelyanArman"]
[Black "only_strong_moves"]
[Result "1-0"]
[WhiteElo "2862"]
[BlackElo "2660"]
[TimeControl "180+1"]
[EndTime "15:30:19 PST"]
[Termination "MikaelyanArman won by resignation"]

1. d4 Nf6 2. Nf3 e6 3. c4 d5 4. Nc3 c5 5. e3 cxd4 6. exd4 Nc6 7. cxd5 exd5 8. Bd3 Bg4 9. O-O Be7 10. h3 Bxf3 11. Qxf3 Nxd4 12. Qg3 Ne6 13. Bb5+ Kf8 14. Rd1 d4 15.
Bc4 Bd6 16. Qf3 Qc8 17. Bb3 Be5 18. Ne4 Nxe4 19. Qxe4 Bf6 20. Bd2 g6 21. Rac1 Qd7 22. Bxe6 fxe6 23. Bf4 Rc8 24. Be5 Bxe5 25. Rxc8+ Qxc8 26. Qxe5 Kf7 27. Rxd4 Rd8 28. Rf4+ Kg8 29. Qf6 Qd7 30. Kh2 Re8 31. Qe5 Qe7 32. Rf3 Qg7 33. Qxg7+ Kxg7 34. Rb3 Re7 35. Kg3 Kf6 36. Kf4 e5+ 37.
Ke4 Rd7 38. Rb5 Rd4+ 39. Ke3 b6 40. Rb3 Ke6 41. Ra3 Rd7 42. Rc3 Kf5 43. g3 h5 44.
f3 Ke6 45. g4 hxg4 46. hxg4 Kf6 47. Rc6+ Kg5 48. Re6 Rd5 49. b3 Ra5 50. a4 Kh4 51. Rxg6 Rc5 52. Rd6 Rc3+ 53. Ke4 Rxb3 54. Kxe5 Rxf3 55.
Rd4 Kg5 56. Kd5 Re3 57. Kc6 Ra3 58. Kb7 Kf6 59. Ka6 Ra2 60. Rb4 Kg5 61. Kxa7 Kf6 62.
Kxb6 Ke5 63. a5 Kd6 64. a6 Kd7 65. Kb7 Ra5 66. a7 Rc5 67. a8=Q Rc7+ 68. Ka6 Rc8 69. Qxc8+ 1-0

[Event "Late-Titled-Tuesday-Blitz-February-06-2024"]
[Site "Chess.com"]
[Date "2024.02.06"]
[Round "8"]
[White "alphienothere"]
[Black "prime-morty"]
[Result "1-0"]
[WhiteElo "2290"]
[BlackElo "2576"]
[TimeControl "180+1"]
[EndTime "15:30:19 PST"]
[Termination "alphienothere won by resignation"]

1. d4 d6 2. e4 Nf6 3. Nc3 e5 4. dxe5 dxe5 5. Qxd8+ Kxd8 6. Bc4 Ke8 7. Nf3 Bd6 8. O-O a6 9. Bg5 Nbd7 10. a4 h6 11. Bh4 g5 12. Bg3 Nh5 13. Rad1 Nxg3 14. hxg3 Rb8 15. Rd3 Bb4 16. Nd5 Bd6 17. Rfd1 Nc5 18.
Ra3 Kf8 19. Nd2 c6 20. Nb6 Bg4 21. f3 Nd7 22. Nxd7+ Bxd7 23. Rd3 Bc5+ 24. Kh2 Bc8 25. Rd8+ Kg7 26. Rxh8 Kxh8 27. Bxf7 Kg7 28. Bb3 b5 29. axb5 axb5 30. c3 Be7 31. Ra1 Bb7 32. Ra7 Bc5 33. Ra1 Rd8 34. Nf1 Bf2 35. Rd1 Rxd1 36. Bxd1 c5 37.
g4 b4 38. g3 Ba6 39. Kg2 Be1 40. cxb4 cxb4 41. Ne3 Bd2 42. Nd5 Bc4 43. b3 Bd3 44.
Kf2 Kf7 45. Be2 Bc2 46. Bc4 Kg7 47. Nc7 Bc3 48. Nb5 Bd2 49. Ke2 Bc1 50. Nc7 Kg6 51.
Nd5 Ba3 52. Kd2 Bb1 53. Bd3 Ba2 54. Bc2 h5 55. gxh5+ Kxh5 56. Kd3 Kg6 57. Kc4 g4 58. fxg4 Kg5 59. Nxb4 Bxb4 60. Kxb4 Kxg4 61. Kc5 Kxg3 62.
b4 Kf4 63. b5 Be6 64. Kd6 Bc8 65. Kc7 Bf5 66. b6 Bxe4 67. Bxe4 Kxe4 68. b7 Kf3 69.
b8=Q e4 70. Qb7 Kf4 71. Qb4 Kf3 72. Qe1 e3 73. Kd6 e2 74. Kd5 Ke3 75. Ke5 Kf3 76.
Kd4 1-0

[Event "Late-Titled-Tuesday-Blitz-February-06-2024"]
[Site "Chess.com"]
[Date "2024.02.06"]
[Round "8"]
[White "GoValya"]
[Black "EsmeraldasAnderson03"]
[Result "1/2-1/2"]
[WhiteElo "2289"]
[BlackElo "2389"]
[TimeControl "180+1"]
[EndTime "15:30:20 PST"]
[Termination "Game drawn by repetition"]

1. d4 d5 2. g3 c5 3. Bg2 cxd4 4. c3 dxc3 5. Nxc3 Nf6 6. Nxd5 Nxd5 7. Qxd5 Qxd5 8. Bxd5 e6 9. Bg2 Bb4+ 10. Bd2 Bxd2+ 11. Kxd2 Nc6 12. Bxc6+ bxc6 13. Nf3 Rb8 14. b3 Kd8 15. Rac1 Bd7 16. Rhd1 Ke7 17. Ne5 Rhd8 18. Ke3 Rb6 19. Rd2 Be8 20. Rdc2 Ra6 21. f4 f6 22. Nc4 Bg6 23.
Rb2 h5 24. b4 Ra4 25. Na5 Ra3+ 26. Rb3 Rxb3+ 27. axb3 Be8 28. Nxc6+ Bxc6 29. Rxc6 Rd7 30.
Ke4 Rb7 31. Kd3 Rxb4 32. Kc3 Rb7 33. e4 Rd7 34. Ra6 Kf7 35. Kc4 g5 36. f5 exf5 37. exf5 g4 38. b4 Kg7 39. b5 Rd2 40. Rxa7+ Kh6 41.
b6 Rxh2 42. Ra5 Rb2 43. Rb5 Rc2+ 44. Kd3 Rc8 45. b7 Rb8 46. Ke3 Kg5 47. Rb6 Kxf5 48.
Rb5+ Kg6 49. Kf4 Kh6 50. Kf5 Kg7 51. Rb6 h4 52. Kxg4 hxg3 53. Kxg3 Kf7 54. Kf4 Ke7 55.
Kf5 Kd7 56. Rxf6 Kc7 57. Rf7+ Kc6 58. Ke5 Rh8 59. Ke6 Kb6 60. Ke5 Ka7 61. Kd5 Rh6 62. Kc5 Rh1 63. Kc6 Rd1 64. Kc7 Rc1+ 65. Kd6 Rb1 66. Kc6 Rc1+ 67. Kd6 Kb8 68. Kd5 Rb1 69. Kc6 Rc1+ 70. Kd5 Rc2 71. Kd6 Rc3 72. Kd5 Ra3 73.
Kc6 Ra6+ 74. Kc5 Rg6 75. Kb5 Ka7 76. Kc5 Rg5+ 77. Kc6 Rg6+ 78. Kc5 Rg1 79. Kc6 Rc1+ 80. Kd6 1/2-1/2

[Event "Late-Titled-Tuesday-Blitz-February-06-2024"]
[Site "Chess.com"]
[Date "2024.02.06"]
[Round "8"]
[White "Rud_Makarian"]
[Black "GadimbayliA"]
[Result "1/2-1/2"]
[WhiteElo "3030"]
[BlackElo "2828"]
[TimeControl "180+1"]
[EndTime "15:30:23 PST"]
[Termination "Game drawn by repetition"]

1. d4 d5 2. c4 e5 3. dxe5 d4 4. Nf3 Nc6 5. g3 Nge7 6. Bg2 Ng6 7. O-O Ngxe5 8. Nbd2 Be7 9. a3 a5 10. b3 O-O 11. Bb2 Nxf3+ 12. Nxf3 Bf6 13. Qd2 Qd6 14. Rad1 Rd8 15. Qc1 Bg4 16. Rd2 Bxf3 17. exf3 Rd7 18. f4 Rad8 19. Rfd1 Qc5 20. Rd3 g6 21. Qd2 Kg7 22. h4 h5 23. Bf3 a4 24. b4 Qxc4 25. Rc1 Qa6 26. Bxc6 bxc6 27. Qd1 Rd5 28. Qc2 R8d6 29.
Kg2 Qb5 30. Qc4 Qb7 31. Kg1 Re6 32. Qc2 Qb8 33. Qxa4 Qe8 34. Qd1 Re2 35. Ba1 Qe4 36. Kf1 Ra2 37. Kg1 Rd8 38. f3 Qe6 39. Rd2 Rxa3 40.
Kg2 d3 41. Bxf6+ Qxf6 42. Qf1 Rb3 43. Rcd1 Qc3 44. Kh3 Qxb4 45. Rxd3 Rdxd3 46. Rxd3 Rxd3 47. Qxd3 Qb5 48. Qd4+ Kg8 49. Qd8+ Kg7 50. Qxc7 Qd5 51. Kg2 c5 52. Kf2 Qd2+ 53. Kf1 Qd3+ 54. Kf2 Qd4+ 55. Ke2 Qc4+ 56. Ke3 Qd4+ 57. Ke2 Qc4+ 58. Ke3 Qb3+ 59.
Ke4 Qc2+ 60. Ke3 Qc3+ 61. Ke2 Qb2+ 62. Ke3 Qd4+ 63. Ke2 1/2-1/2

[Event "Late-Titled-Tuesday-Blitz-February-06-2024"]
[Site "Chess.com"]
[Date "2024.02.06"]
[Round "8"]
[White "Binary010"]
[Black "SaqoChess_Twitch"]
[Result "1-0"]
[WhiteElo "2830"]
[BlackElo "2651"]
[TimeControl "180+1"]
[EndTime "15:30:23 PST"]
[Termination "Binary010 won by resignation"]

1. e4 c5 2. Nc3 d6 3. d4 cxd4 4. Qxd4 Nc6 5. Qd2 g6 6. b3 Bh6 7.
f4 Nf6 8. Bb2 O-O 9. O-O-O e5 10.
g3 Nh5 11. Nge2 exf4 12. Kb1 Bg4 13. gxf4 Bf3 14. Rg1 Qh4 15. Nd5 Bxe4 16. Ng3 Bxd5 17. Nf5 Bxf4 18. Qxd5 Qf2 19. Qxc6 Be5 20. Ne7+ Kh8 21.
Qg2 Qf6 22. Nd5 Qg7 23. Bxe5 dxe5 24. Bc4 f5 25. Qd2 Rab8 26. a4 a6 27. a5 e4 28.
Nf4 Nxf4 29. Qxf4 Rbd8 30. h4 Qc3 31. h5 Rxd1+ 32. Rxd1 Qf6 33. hxg6 Qxg6 34. Qe5+ Qf6 35. Qf4 b5 36. axb6 Qxb6 37. Rd6 Qg1+ 38. Kb2 Qg7+ 39.
Ka2 a5 40. Rd5 Qc3 41. Qe5+ Qxe5 42. Rxe5 Kg7 43. Rxa5 f4 44. Ra7+ Kg6 45. Re7 e3 46. Be2 h5 47. b4 h4 48. b5 h3 49. b6 f3 50. Bxf3 Rxf3 51. b7 Rf8 52. Rxe3 Rb8 53. Rxh3 Rxb7 54. Rf3 Kg5 55. c4 Kg4 56. Rf8 Kg5 57.
Ka3 Kg6 58. c5 Kg7 59. Rf1 Rb8 60. Ka4 Kg6 61. Ka5 Rb2 62. c6 Ra2+ 63. Kb6 Rb2+ 64.
Ka7 Ra2+ 65. Kb7 Rb2+ 66. Kc8 Rc2 67. c7 Rd2 68. Rb1 Kf7 69. Kb7 Rd7 70. Kc6 Rd2 71.
c8=Q Rc2+ 72. Kb7 Rxc8 73. Kxc8 1-0

[Event "Late-Titled-Tuesday-Blitz-February-06-2024"]
[Site "Chess.com"]
[Date "2024.02.06"]
[Round "8"]
[White "FaustinoOro"]
[Black "Fandorine"]
[Result "1-0"]
[WhiteElo "2783"]
[BlackElo "2929"]
[TimeControl "180+1"]
[EndTime "15:30:27 PST"]
[Termination "FaustinoOro won by resignation"]

1. e4 e5 2. Nf3 Nc6 3. Nc3 Bb4 4. Bb5 Bxc3 5. bxc3 Nge7 6. O-O a6 7. Ba4 d6 8. d3 O-O 9. h3 Ng6 10. Bg5 Qe8 11.
Re1 Bd7 12. Bb3 Kh8 13. Rb1 Rb8 14. Qd2 f6 15. Bh4 f5 16. exf5 Bxf5 17. Qe3 Na5 18. Bg3 b6 19. Rbd1 Qc6 20. d4 Nxb3 21. cxb3 exd4 22. Nxd4 Qd7 23. c4 h6 24. Re2 Rbe8 25. Qd2 Rxe2 26. Qxe2 Re8 27. Qd2 Be4 28. Re1 Bb7 29.
f3 Kg8 30. Nc2 Re6 31. Nd4 Re7 32. Nc2 Qe8 33. Kf2 Qf7 34. Rxe7 Nxe7 35. Ne3 a5 36. Qd4 Qg6 37. Qd2 Kf7 38. Bf4 Qb1 39. Ng4 Nf5 40. Ne3 Ne7 41. Nd1 Qf5 42. Nc3 g5 43. Be3 Qe6 44.
Nb5 Qd7 45. Qd3 Ng6 46. Bd4 Bc6 47. Nxc7 Bb7 48. Nb5 d5 49. Bxb6 Qe6 50. Qd4 Nf4 51.
Kg3 Qe1+ 52. Kh2 Qe2 53. Qf2 Qxf2 54. Bxf2 dxc4 55. Nd6+ Ke6 56. Nxb7 c3 57. Be3 Nd5 58. Bc1 Nb4 59. a3 Nd3 60. Be3 Kd5 61. Nxa5 c2 62.
Nc4 c1=Q 63. Bxc1 Nxc1 64. Nd2 Kd4 65. b4 Kd3 66. Ne4 Nb3 67. b5 Nc5 68. Nxc5+ 1-0

[Event "Late-Titled-Tuesday-Blitz-February-06-2024"]
[Site "Chess.com"]
[Date "2024.02.06"]
[Round "8"]
[White "GMG"]
[Black "mightysmasher"]
[Result "1-0"]
[WhiteElo "2685"]
[BlackElo "2554"]
[TimeControl "180+1"]
[EndTime "15:30:32 PST"]
[Termination "GMG won by checkmate"]

1. Nf3 d5 2. g3 Nf6 3. Bg2 e6 4. c4 Be7 5. d4 O-O 6. O-O b6 7. cxd5 exd5 8. Nc3 Bb7 9. Ne5 Nbd7 10. Qa4 Nxe5 11. dxe5 Nd7 12. Nxd5 Nc5 13. Qc4 c6 14. Nxe7+ Qxe7 15. f4 Rac8 16. Be3 Nd7 17. Rad1 Rfd8 18. Bh3 c5 19. Rd2 Rb8 20. Qa4 Nf8 21. Rxd8 Qxd8 22. Rd1 Qc7 23. Rd6 Ba8 24. Qa6 h6 25. Bg2 Bxg2 26. Kxg2 Ne6 27. f5 Nf8 28. Qd3 Re8 29. Qd5 Qe7 30. Bf4 Kh8 31. g4 Qh4 32. h3 Kg8 33. Bg3 Qg5 34. Qd2 Qe7 35. a4 Qb7+ 36. Kh2 Qe4 37. b3 h5 38. Qd3 Qxd3 39. exd3 hxg4 40.
hxg4 Nh7 41. Bf4 Nf8 42. Kg3 Rc8 43. Kf3 Re8 44. Ke4 Rc8 45. Kd5 g6 46. Bg5 gxf5 47. gxf5 Nh7 48. Rd8+ Rxd8+ 49. Bxd8 Kf8 50. Bc7 Ke8 51.
Bb8 Kd7 52. Bxa7 Kc7 53. e6 fxe6+ 54. Kxe6 Kb7 55. Bxb6 Kxb6 56. f6 Ka5 57. f7 Nf8+ 58. Kd5 Kb4 59. d4 cxd4 60. Kxd4 Ne6+ 61. Ke5 Nf8 62.
Kd6 Ng6 63. Kc7 Nf8 64. Kb6 Kxb3 65. a5 Kb4 66. a6 Nd7+ 67. Kc7 Nc5 68. a7 Ne6+ 69. Kd6 Nf8 70. a8=Q Ng6 71. Qb8+ Kc4 72. Ke6 Kd4 73. Kf6 Ke3 74. Kxg6 Ke4 75. f8=Q Kd3 76. Qbe8 Kd2 77. Qfe7 Kd3 78. Q7d7+ Kc4 79. Qec8+ Kb4 80. Qdb7+ Ka5 81. Qca8# 1-0

[Event "Late-Titled-Tuesday-Blitz-February-06-2024"]
[Site "Chess.com"]
[Date "2024.02.06"]
[Round "8"]
[White "grzechu96"]
[Black "Genghis_K"]
[Result "1/2-1/2"]
[WhiteElo "2750"]
[BlackElo "2905"]
[TimeControl "180+1"]
[EndTime "15:30:35 PST"]
[Termination "Game drawn - insufficient material"]

1. e4 c5 2. Nf3 d6 3. d4 cxd4 4. Qxd4 Nc6 5. Bb5 a6 6. Bxc6+ bxc6 7.
Qa4 Bd7 8. c4 e5 9. O-O Ne7 10.
c5 Ng6 11. cxd6 Bxd6 12. Rd1 Qe7 13. Nbd2 O-O 14. Nc4 Bc7 15. h3 Rfd8 16. Qc2 Be6 17. Be3 Rxd1+ 18. Rxd1 Rd8 19. Rxd8+ Qxd8 20. Ne1 Nf4 21.
b3 h6 22. Nb2 Bb6 23. Bxb6 Qxb6 24. Ned3 Qd4 25. Nc5 Bc8 26. Kh2 Qd6 27. Nbd3 Qg6 28. Nxf4 exf4 29. Qd3 Kh7 30. e5 Bf5 31. Qd6 Bb1 32. a3 f3 33. Qxg6+ Kxg6 34. Nxa6 Kf5 35. Nc5 Kxe5 36. a4 Kd5 37. b4 Ba2 38. a5 Bc4 39. a6 Bxa6 40. Nxa6 fxg2 41. Kxg2 g5 42.
Kf3 f5 43. Ke3 Kc4 44. Nb8 c5 45. bxc5 Kxc5 46. Nd7+ Kd5 47. Nb6+ Ke5 48. Nc4+ Kd5 49. Kd3 h5 50. Nd2 Ke5 51. Ke3 f4+ 52. Kf3 Kf5 53. Nc4 g4+ 54. hxg4+ hxg4+ 55. Kg2 Ke4 56. Nd6+ Ke5 57.
Nf7+ Kf5 58. Nd8 Ke5 59. Nc6+ Ke4 60. Nb4 Kd4 61. Nc2+ Ke4 62. Na3 Kd4 63. Nb5+ Ke4 64. Nc7 Ke5 65. Ne8 Kf5 66. Nd6+ Ke5 67. Nf7+ Kf5 68.
Kf1 Kf6 69. Nd8 Ke5 70. Ke2 Ke4 71. Nc6 f3+ 72. Kf1 Kf4 73. Nb4 g3 74. Nd3+ Ke4 75. fxg3 Kxd3 76. Kf2 Ke4 77. g4 Kf4 78. g5 Kxg5 79.
Kxf3 1/2-1/2

[Event "Late-Titled-Tuesday-Blitz-February-06-2024"]
[Site "Chess.com"]
[Date "2024.02.06"]
[Round "8"]
[White "semchik73"]
[Black "HajiyevKanan"]
[Result "1-0"]
[WhiteElo "2439"]
[BlackElo "2593"]
[TimeControl "180+1"]
[EndTime "15:30:37 PST"]
[Termination "semchik73 won on time"]

1. Nf3 c6 2. c4 d5 3. e3 Nf6 4. Nc3 g6 5. d4 Bg7 6. Be2 O-O 7. O-O Ne4 8. cxd5 Nxc3 9. bxc3 cxd5 10. Qb3 Nc6 11.
Ba3 b6 12. Rac1 Na5 13. Qb4 Re8 14. Rfd1 Bg4 15. Bb5 Bd7 16. Ne5 Bxb5 17. Qxb5 Bxe5 18. dxe5 Nc4 19. Rxd5 Nxa3 20. Qb3 Qc7 21. Qxa3 Rac8 22. c4 e6 23. Rd6 Qc5 24. Qxa7 Qxe5 25. Rxb6 Ra8 26.
Qd7 Red8 27. Qe7 Re8 28. Qd6 Qxd6 29. Rxd6 Rxa2 30. c5 Rc8 31. c6 Kf8 32. Rd7 Rxc6 33. Rdd1 Rxc1 34. Rxc1 h5 35. h3 h4 36. Rc4 g5 37. f4 f6 38. fxg5 fxg5 39. Rc5 g4 40.
hxg4 Re2 41. Re5 Kf7 42. g5 Ra2 43. Re4 Ra5 44. Rxh4 Rxg5 45. Kf2 Kf6 46. Rf4+ Ke5 47. Kf3 Rg8 48. g4 Rg7 49. Re4+ Kf6 50. Kf4 e5+ 51. Kg3 Ra7 52. Rb4 Ra3 53. Kf3 Ra6 54.
Rb8 Rc6 55. Rf8+ Kg7 56. Rf5 Rc5 57. Ke4 Rc4+ 58. Kxe5 Rxg4 59. e4 Rg1 60. Ke6 Ra1 61.
Rd5 Ra6+ 62. Rd6 Ra8 63. Rd7+ Kf8 64. e5 Ra6+ 65. Rd6 Ra7 66. Rb6 Ra8 67. Kf6 Kg8 68. e6 Rf8+ 69. Ke7 Rf1 70. Ke8 Kg7 71. e7 Rd1 72.
Rb7 Rd2 73. Rd7 Kf6 74. Rxd2 Ke6 75. Re2+ 1-0

[Event "Late-Titled-Tuesday-Blitz-February-06-2024"]
[Site "Chess.com"]
[Date "2024.02.06"]
[Round "8"]
[White "jaskol95"]
[Black "Igor_Lysyj"]
[Result "0-1"]
[WhiteElo "2586"]
[BlackElo "2867"]
[TimeControl "180+1"]
[EndTime "15:30:43 PST"]
[Termination "Igor_Lysyj won by checkmate"]

1. e4 e5 2. Nf3 Nc6 3. Bc4 Bc5 4. c3 Nf6 5. d4 exd4 6. cxd4 Bb4+ 7. Kf1 d5 8. exd5 Nxd5 9. Nc3 Be6 10. Qb3 Bxc3 11. bxc3 O-O 12. Qc2 Ne3+ 13. Bxe3 Bxc4+ 14. Kg1 h6 15. h4 Qf6 16. Rh3 Qg6 17. Qb2 Bd5 18. Rg3 Qe6 19.
Qxb7 Ne7 20. Qxc7 Nf5 21. Rh3 Rfc8 22. Qf4 Rxc3 23. Bd2 Rxf3 24. Rxf3 Bxf3 25. Qxf3 Rd8 26. Be3 Nxh4 27. Qf4 Ng6 28. Qc7 Rd7 29. Qb8+ Kh7 30. Rc1 Qxa2 31. Rc8 Rd5 32. Qb7 Rf5 33. Qc7 Qb1+ 34.
Kh2 Rh5+ 35. Kg3 Qf5 36. f3 Qf6 37. Qd8 Qxd8 38. Rxd8 Ra5 39. Ra8 Ne7 40. Kf4 Nd5+ 41. Ke4 f5+ 42. Kd3 Ra3+ 43. Kc4 Nxe3+ 44. Kb4 Rd3 45.
Kc5 Nxg2 46. d5 Nf4 47. d6 Rxf3 48. d7 Rd3 49. Kc6 g5 50. Re8 Kg6 51. d8=Q Rxd8 52. Rxd8 g4 53. Kd6 Kg5 54. Ke5 Ng6+ 55. Kd4 h5 56. Ke3 h4 57. Kf2 h3 58. Kg3 f4+ 59. Kh2 Nh4 60. Rg8+ Kf5 61. Rf8+ Ke5 62. Re8+ Kd6 63.
Ra8 Nf3+ 64. Kh1 g3 65. Rd8+ Ke7 66. Rd7+ Ke6 67. Re7+ Kd5 68. Rd7+ Ke4 69. Re7+ Kd4 70. Rd7+ Ke3 71. Rd3+ Kf2 72. Rd2+ Kf1 73. Rd1+ Ne1 74. Rd3 g2+ 75. Kh2 g1=Q+ 76. Kxh3 Qg2+ 77. Kh4 Nxd3 78. Kh5 Qg3 79. Kh6 Ne5 80. Kh7 Qg5 81. Kh8 f3 82.
Kh7 Kf2 83. Kh8 Ke3 84. Kh7 Kf4 85. Kh8 Kf5 86. Kh7 Kf6 87. Kh8 Qg7# 0-1

[Event "Late-Titled-Tuesday-Blitz-February-06-2024"]
[Site "Chess.com"]
[Date "2024.02.06"]
[Round "8"]
[White "Seochesspie"]
[Black "winniethepooh04"]
[Result "1/2-1/2"]
[WhiteElo "2784"]
[BlackElo "2535"]
[TimeControl "180+1"]
[EndTime "15:30:54 PST"]
[Termination "Game drawn by repetition"]

1. c4 e6 2. g3 d5 3. Bg2 Nf6 4. Nf3 Be7 5. O-O O-O 6. d4 c6 7. Nbd2 b6 8. b3 Bb7 9. Bb2 Nbd7 10. Rc1 Rc8 11. Qc2 c5 12. Qb1 dxc4 13. Nxc4 cxd4 14.
Nxd4 Bxg2 15. Kxg2 Qc7 16. Rfd1 Qb7+ 17. Kg1 Rfd8 18.
Nb5 Ne8 19. Ncd6 Nxd6 20. Nxd6 Bxd6 21. Rxd6 Nf6 22. Rxd8+ Rxd8 23. Bxf6 gxf6 24. Qc2 Qd5 25. e3 Qd2 26. Qc7 Rd7 27. Qc8+ Rd8 28. Qc7 Rd7 29. Qc2 Kf8 30. Kg2 Qxc2 31. Rxc2 Ke7 32. Kh3 f5 33.
Kh4 Kf6 34. Kh5 Kg7 35. b4 Rd5 36. Kg5 a5 37. bxa5 Rxa5 38. Rb2 Ra4 39. h3 h6+ 40. Kh5 Kh7 41. Rc2 Kg7 42. Rd2 Kh7 43. Rd7 Kg7 44. Rd2 Kh7 45. g4 fxg4 46. hxg4 Kg7 47. Rb2 Ra3 48.
Kh4 Kg6 49. Kg3 Ra4 50. f4 h5 51. g5 Ra3 52. Kf3 h4 53. Rxb6 Rxa2 54. Rb8 h3 55. Rh8 h2 56. Rh6+ Kg7 57. Kg3 Ra3 58. Kf3 Ra2 59.
e4 Rb2 60. Kg3 Rb4 61. f5 Rxe4 62. f6+ Kg8 63. Rxh2 Ra4 64. Kf3 Rb4 65. Rd2 Ra4 66.
Rd7 Rb4 67. Ra7 Rc4 68. Rb7 Ra4 69. Rb8+ Kh7 70. Rf8 Kg6 71. Rg8+ Kf5 72. Rg7 Rf4+ 73. Ke3 Rg4 74. Rxf7 Rxg5 75. Rf8 Rg6 76. f7 Kf6 77. Ke4 Rg7 78. Kd4 Rxf7 79. Rxf7+ Kxf7 80. Ke5 Ke7 81. Ke4 Kf6 82. Kf4 Kf7 83. Ke5 Ke7 84. Ke4 Kf6 85. Kf4 e5+ 86. Ke4 Ke6 87. Kd3 Kf5 88. Ke3 Ke6 89. Ke4 Kd6 90. Kd3 Kd5 91. Ke3 e4 92.
Kd2 Kd4 93. Ke2 Ke5 94. Ke3 Kd5 95. Ke2 Ke5 96. Ke3 Kf5 97. Ke2 Kf4 98. Kf2 e3+ 99. Ke2 Ke4 100. Ke1 Kd3 101. Kd1 Kd4 102. Ke2 Ke4 103. Ke1 Kd4 104. Ke2 Ke4 1/2-1/2

[Event "Late-Titled-Tuesday-Blitz-February-06-2024"]
[Site "Chess.com"]
[Date "2024.02.06"]
[Round "8"]
[White "Polish_fighter3000"]
[Black "dretch"]
[Result "1-0"]
[WhiteElo "3050"]
[BlackElo "2841"]
[TimeControl "180+1"]
[EndTime "15:31:11 PST"]
[Termination "Polish_fighter3000 won on time"]

1. e4 e6 2. d4 d5 3. Nc3 Nf6 4.
e5 Nfd7 5. Nce2 c5 6. c3 Nc6 7. f4 Qb6 8. Nf3 Be7 9. h4 f6 10. a3 a5 11. h5 a4 12. Neg1 Qb3 13. Bd3 Qxd1+ 14. Kxd1 Na5 15. Ne2 b6 16. Be3 Nc4 17. Bc1 Ba6 18. Kc2 f5 19. Bd2 Rc8 20. Rad1 cxd4 21.
Nexd4 Nc5 22. Bc1 Kf7 23. Be2 Ne4 24. Rh2 Ng3 25. Bd3 g6 26. h6 Ne4 27. Ne2 Nc5 28. Ned4 Nxd3 29. Rxd3 Na5 30. Rd1 Nb7 31. Kb1 Nc5 32. Be3 Ne4 33. Rhh1 Bc5 34. Rc1 Rhd8 35. Ka1 Bc4 36. Rc2 Be7 37. Rcc1 Nc5 38. Rcd1 Bd3 39.
Bf2 Be4 40. Bh4 Rd7 41. Bxe7 Rxe7 42. Ng5+ Ke8 43. Rhg1 Nd3 44. g3 Nf2 45. Rd2 Ng4 46.
Nb5 Rd8 47. Nd6+ Kf8 48. Ndxe4 fxe4 49. Nxe4 Nxh6 50. g4 Kg7 51. Nf6 Rc8 52. Rh2 Rc4 53.
Rgh1 Nf7 54. Rxh7+ Kf8 55. Rf1 d4 56. cxd4 Rxd4 57.
Ka2 Rc7 58. f5 exf5 59. gxf5 gxf5 60. e6 Rd6 61. Nd7+ Ke7 62. exf7 Rcxd7 63. f8=Q+ Kxf8 64. Rxf5+ Kg8 65. Rh4 Rd5 66. Rg4+ Kh8 67. Rf3 Rh5 68. Rxa4 Kh7 69. Rf6 Rb7 70. Rb4 Rh6 71. Rf5 Rc7 72. Rfb5 Rcc6 73. Kb3 Kg7 74. Ka4 Kf7 75. Re5 Rcd6 76.
Kb5 Rdf6 77. Ka6 Rc6 78. Reb5 Rc2 79. Rxb6 Rh8 80. Rb7+ Ke6 81. Rb8 Rhh2 82. a4 Kd7 83. a5 Rc5 84. R4b7+ Kd6 85. b4 Rch5 86. Ka7 Ra2 87.
a6 Kd5 88. b5 Kc5 89. Ka8 Kb4 90. a7 Rh6 91. b6 Kb5 92. Rg8 Ra6 93. Kb8 1-0

[Event "Late-Titled-Tuesday-Blitz-February-06-2024"]
[Site "Chess.com"]
[Date "2024.02.06"]
[Round "9"]
[White "temiksmozg"]
[Black "GiorgianBarbosa"]
[Result "0-1"]
[WhiteElo "2592"]
[BlackElo "2495"]
[TimeControl "180+1"]
[EndTime "15:39:26 PST"]
[Termination "GiorgianBarbosa won by resignation"]

1. e4 c5 2. Nf3 g6 3. c3 Bg7 4. d4 cxd4 5. cxd4 d5 6. e5 Bg4 7.
h3 Bxf3 8. Qxf3 Nc6 9. Bb5 e6 10.
Nc3 Ne7 11. Bg5 h6 12. Bf6 O-O 13. Bxc6 bxc6 14. O-O Bxf6 15. exf6 Nf5 16. g4 Nxd4 17. Qf4 e5 18. Qxe5 Nf3+ 0-1

[Event "Late-Titled-Tuesday-Blitz-February-06-2024"]
[Site "Chess.com"]
[Date "2024.02.06"]
[Round "9"]
[White "BelaKis"]
[Black "Ze-Pequeno"]
[Result "1-0"]
[WhiteElo "2234"]
[BlackElo "2112"]
[TimeControl "180+1"]
[EndTime "15:39:30 PST"]
[Termination "BelaKis won by resignation"]

1. d4 Nf6 2. c4 e6 3. a3 d5 4.
Nc3 dxc4 5. e3 a6 6. Bxc4 c5 7.
Nf3 b5 8. Bd3 Bb7 9. dxc5 Bxc5 10.
b4 Be7 11. Bb2 O-O 12. O-O Nbd7 13. Qe2 Rc8 14. Rac1 Qb6 15. Rfd1 Rfd8 16. Ng5 h6 17. Nge4 Nxe4 18. Nxe4 Bxe4 19. Bxe4 Bf6 20. Rxc8 Rxc8 21. Rxd7 Bxb2 22. Qxb2 Qxe3 1-0